 Dungeon Crawl Stone Soup version 0.29-a0-486-ga88943ba61 (console) character file.

Game seed: 333277870568106575

11632 Banquo the Severer (level 11, -1/95 HPs)
             Began as a Hill Orc Fighter on May 26, 2022.
             Was a Believer of Uskayaw.
             Slain by a six-headed hydra (7 damage)
             ... on level 1 of the Lair of Beasts.
             The game lasted 00:46:06 (14040 turns).

Banquo the Severer (Hill Orc Fighter)              Turns: 14040, Time: 00:46:08

Health: -1/95      AC: 18    Str: 24    XL:     11   Next: 80%
Magic:  8/11       EV: 10    Int:  8    God:    Uskayaw [**....]
Gold:   506        SH: 15    Dex: 10    Spells: 10/10 levels left

rFire   . . .      SeeInvis +   O - +2 morningstar (protect)
rCold   . . .      Faith    .   i - +0 kite shield
rNeg    . . .      Spirit   .   d - +1 ring mail "Miluope" {Will+ SInv Stlth-}
rPois   +          Reflect  +   h - +0 helmet
rElec   .          Harm     .   u - scarf {shadows}
rCorr   .          Rampage  .   g - +0 pair of gloves
Will    +....                   f - +0 pair of boots
Stlth   ..........              w - amulet of reflection
HPRegen 0.25/turn               P - ring of poison resistance
MPRegen 0.12/turn               (no ring)

@: under a protective aura
A: no striking features
a: Renounce Religion, Stomp, Line Pass


You were on level 1 of the Lair of Beasts.
You worshipped Uskayaw.
Uskayaw was noncommittal.
You visited 3 branches of the dungeon, and saw 13 of its levels.

You collected 578 gold pieces.
You spent 72 gold pieces at shops.

Inventory:

Hand Weapons
 a - a +0 war axe of venom
 b - a +1 whip of electrocution
 c - a +2 vorpal spear
 p - a +1 vampiric whip
 O - a +2 morningstar of protection (weapon)
Missiles
 o - 162 stones (quivered)
 F - 2 silver boomerangs
 G - 3 throwing nets
 J - 43 poisoned darts
 L - 6 boomerangs
Armour
 d - the +1 ring mail "Miluope" (worn) {Will+ SInv Stlth-}
   (You found it on level 5 of the Dungeon)

   SInv:      It lets you see invisible.
   Will:      It increases your willpower.
   Stlth:     It makes you less stealthy.
 f - a +0 pair of boots (worn)
 g - a +0 pair of gloves (worn)
 h - a +0 helmet (worn)
 i - a +0 kite shield (worn)
 u - a scarf of shadows (worn)
 z - +0 acid dragon scales
 K - a +0 plate armour
Jewellery
 w - an amulet of reflection (around neck)
 P - a ring of poison resistance (left hand)
Wands
 e - a wand of paralysis (6)
 A - a wand of flame (17)
 D - a wand of digging (16)
Scrolls
 k - 5 scrolls of teleportation
 v - a scroll of fear
 H - 2 scrolls of fog
 Q - a scroll of poison
Potions
 j - a potion of magic {unknown}
 l - 6 potions of curing {unknown}
 q - 2 potions of invisibility
 r - 2 potions of might
 s - a potion of flight
 t - 3 potions of heal wounds
 x - a potion of resistance
 C - a potion of cancellation
 I - a potion of brilliance
 M - 2 potions of ambrosia
 T - a potion of haste


   Skills:
 + Level 8.8 Fighting
 * Level 17.6 Axes
 + Level 7.8 Armour
 + Level 3.7 Dodging
 + Level 8.0 Shields


You had 10 spell levels left.
You didn't know any spells.
Your spell library contained the following spells:

 Spells                   Type           Power      Damage    Failure   Level
 Freeze                   Ice            0%         1d3       85%         1
 Magic Dart               Conj           0%         1d3       85%         1
 Call Imp                 Summ           0%         N/A       94%         2
 Ensorcelled Hibernation  Hex/Ice        0%         N/A       94%         2
 Passwall                 Tmut/Erth      0%         N/A       94%         2
 Call Canine Familiar     Summ           0%         N/A       99%         3
 Frozen Ramparts          Ice            0%         1d2       99%         3
 Mephitic Cloud           Conj/Pois/Air  0%         N/A       99%         3
 Portal Projectile        Hex/Tloc       0%         N/A       99%         3
 Swiftness                Air            0%         N/A       99%         3
 Hailstorm                Conj/Ice       0%         3d3       100%        4
 Leda's Liquefaction      Hex/Erth       0%         N/A       100%        4


Dungeon Overview and Level Annotations

Branches:
Dungeon (11/15)            Temple (1/1) D:7            Lair (1/6) D:10
    Orc: D:9-12

Altars:
Ashenzari
Cheibriados
Dithmenos
Elyvilon
Fedhas
Gozag
Hepliaklqana
Kikubaaqudgha
Makhleb
Nemelex Xobeh
Okawaru
Qazlal
Ru
Sif Muna
Trog
Uskayaw
Vehumet
Wu Jian
Xom
Yredelemnul
Zin
The Shining One
Lugonu

Shops:
D:1 *

Portals:
Abyss: D:8

Annotations:
D:4 3 runed translucent doors, Sekuso's ghost, amateur SpHu
D:8 Amaemon


Message History

Unknown command.
Unknown command.
Unknown command.
You hit the six-headed hydra.
The six-headed hydra is severely wounded.
The six-headed hydra bites you.
* * * LOW HITPOINT WARNING * * *
The six-headed hydra barely misses you.
The six-headed hydra bites you but does no damage.
The six-headed hydra bites you.
* * * LOW HITPOINT WARNING * * *
You block the six-headed hydra's attack. x2
You bludgeon the six-headed hydra!!
The six-headed hydra is almost dead.
The six-headed hydra completely misses you.
You block the six-headed hydra's attack. x2
The six-headed hydra bites you but does no damage. x3
The six-headed hydra bites you.
* * * LOW HITPOINT WARNING * * *
The six-headed hydra bites you!
* * * LOW HITPOINT WARNING * * *
The six-headed hydra bites you but does no damage.
The six-headed hydra barely misses you.
The six-headed hydra bites you but does no damage. x2
Uskayaw will force your foes to helplessly watch your dance.
Uskayaw prepares the audience for your solo!
The helpless six-headed hydra fails to defend itself.
You hit the six-headed hydra.
The six-headed hydra is almost dead.
The six-headed hydra is no longer paralysed.
You block the six-headed hydra's attack. x3
The six-headed hydra bites you but does no damage. x2
The six-headed hydra barely misses you.
You stomp with the beat, sending a shockwave through the revellers around you!
The six-headed hydra is almost dead.
You block the six-headed hydra's attack. x2
The six-headed hydra barely misses you. The six-headed hydra bites you.
* * * LOW HITPOINT WARNING * * *
The six-headed hydra bites you!
You die...

#..# .. ....P##.
#......#.##
#..........#
#........#.##
.........#..#
.........D@.#
.........##.##
.........##..#
.........##..#######
........P#....##...##
....?...............##
...........###.......#
..........####.......#
......##### #........#


You could see a six-headed hydra.

Vanquished Creatures
  A hydra (D:10)
  Joseph (D:9)
  A black mamba (Lair:1)
  An unseen horror (D:10)
  2 cane toads (Lair:1)
  A kobold demonologist (D:9)
  Prince Ribbit (D:9)
  A wyvern (D:9)
  34 yaks
  A basilisk (Lair:1)
  Menkaure (D:5)
  An acid dragon (D:9)
  2 ice beasts (D:5)
  A sky beast (D:8)
  An ogre (D:5)
  4 orc warriors
  A black bear (Lair:1)
  3 centaurs
  4 kobold brigands
  2 phantoms (D:5)
  A bullfrog (D:7)
  3 necrophages
  A gnoll sergeant (D:9)
  8 wights
  10 killer bees
  2 hounds (D:5)
  4 orc priests
  2 gnoll shamans
  5 iguanas
  11 orc wizards
  A hound zombie (D:4)
  Robin (D:2)
  19 gnolls
  7 adders
  A shadow imp (D:5)
  2 white imps
  An ufetubus (D:5)
  An adder zombie (D:4)
  A worm (D:2)
  6 dart slugs
  44 orcs
  6 bats
  9 endoplasms
  A giant cockroach (D:2)
  14 goblins
  9 hobgoblins
  11 jackals
  20 kobolds
  2 quokkas
  9 ball pythons
  4 frilled lizards
  8 rats
288 creatures vanquished.

Vanquished Creatures (others)
  58 fungi
  A lurking horror (D:8)
59 creatures vanquished.

Grand Total: 347 creatures vanquished

Notes
Turn   | Place    | Note
-------+----------+-------------------------------------------
     0 | D:1      | Banquo the Hill Orc Fighter began the quest for the Orb.
     0 | D:1      | Reached XP level 1. HP: 19/19 MP: 1/1
   125 | D:1      | Reached skill level 3 in Axes
   137 | D:1      | Reached XP level 2. HP: 25/26 MP: 2/2
   207 | D:1      | Reached skill level 4 in Axes
   294 | D:1      | Found Haamoqe's Assorted Antiques.
   604 | D:1      | Reached XP level 3. HP: 18/31 MP: 3/3
  1157 | D:2      | Reached skill level 5 in Axes
  1223 | D:2      | Noticed Robin
  1265 | D:2      | HP: 1/31 [Robin/+0 mace (4)]
  1266 | D:2      | Killed Robin
  1267 | D:2      | Reached XP level 4. HP: 2/39 MP: 4/4
  1684 | D:2      | Reached skill level 6 in Axes
  1972 | D:1      | Bought a scroll labelled HOYNWE TOERITT for 25 gold pieces
  1972 | D:1      | Bought a scroll labelled VOCAIC USOISY for 25 gold pieces
  1972 | D:1      | Bought a glowing green potion for 22 gold pieces
  2222 | D:3      | Found a hazy altar of Hepliaklqana.
  2324 | D:3      | Reached XP level 5. HP: 45/45 MP: 5/5
  2392 | D:3      | Reached skill level 7 in Axes
  2812 | D:3      | You fall into a shaft and drop 1 floor!
  2890 | D:3      | Found an opulent altar of Gozag.
  3507 | D:4      | Reached XP level 6. HP: 51/51 MP: 6/6
  3510 | D:4      | Reached skill level 8 in Axes
  3610 | D:4      | Found a runed translucent gate.
  3611 | D:4      | Found a runed translucent gate.
  3611 | D:4      | Noticed Sekuso's ghost (amateur SpHu)
  3612 | D:4      | Found a runed translucent gate.
  3614 | D:4      | Found a basalt altar of Yredelemnul.
  3981 | D:4      | Found a burning altar of Makhleb.
  4178 | D:4      | Found a bloodstained altar of Trog.
  4351 | D:5      | Entered Level 5 of the Dungeon
  4490 | D:5      | Noticed Menkaure
  4491 | D:5      | Noticed an ice beast
  4494 | D:5      | Killed Menkaure
  4495 | D:5      | Reached skill level 9 in Axes
  4495 | D:5      | Reached XP level 7. HP: 21/58 MP: 2/7
  4824 | D:5      | Reached skill level 10 in Axes
  4880 | D:5      | Identified the +1 ring mail "Miluope" {Will+ SInv Stlth-}
  4991 | D:5      | Reached XP level 8. HP: 47/66 MP: 5/8
  5743 | D:6      | Found a shimmering blue altar of Sif Muna.
  5808 | D:5      | Reached skill level 5 in Armour
  5899 | D:5      | Reached skill level 11 in Axes
  5899 | D:5      | Reached skill level 1 in Dodging
  7093 | D:7      | Found a staircase to the Ecumenical Temple.
  7198 | D:7      | Reached skill level 12 in Axes
  7212 | Temple   | Entered the Ecumenical Temple
  7520 | Temple   | Became a worshipper of Uskayaw the Reveller
  7533 | D:7      | Reached * piety under Uskayaw
  7538 | D:7      | Reached ** piety under Uskayaw
  7539 | D:7      | Reached XP level 9. HP: 68/73 MP: 9/9
  7653 | D:7      | Reached skill level 5 in Fighting
  7657 | D:7      | Reached *** piety under Uskayaw
  7667 | D:7      | Reached **** piety under Uskayaw
  7675 | D:7      | Reached ***** piety under Uskayaw
  7887 | D:7      | Found a broken altar of Ashenzari.
  8001 | D:7      | Found a blossoming altar of Fedhas.
  8428 | D:8      | Found a one-way gate to the infinite horrors of the Abyss.
  8428 | D:8      | Found a corrupted altar of Lugonu.
  8682 | D:8      | Reached skill level 13 in Axes
  8745 | D:8      | Found a shimmering altar of Xom.
  8810 | D:8      | Found a sacrificial altar of Ru.
  8890 | D:8      | Found a stormy altar of Qazlal.
  9123 | D:8      | Noticed Amaemon
  9155 | D:9      | Noticed Prince Ribbit
  9190 | D:9      | Killed Prince Ribbit
  9191 | D:9      | Reached skill level 5 in Shields
  9325 | D:9      | Reached skill level 14 in Axes
  9643 | D:9      | Reached XP level 10. HP: 69/83 MP: 10/10
  9659 | D:9      | Reached skill level 15 in Axes
  9802 | D:9      | Noticed a kobold demonologist
  9811 | D:9      | Killed a kobold demonologist
 10229 | D:9      | Reached skill level 16 in Axes
 10510 | D:9      | Noticed Joseph
 10851 | D:9      | Killed Joseph
 10852 | D:9      | Reached XP level 11. HP: 89/92 MP: 11/11
 11641 | D:10     | Entered Level 10 of the Dungeon
 11641 | D:10     | Found a staircase to the Lair.
 11732 | D:10     | Noticed a six-headed hydra
 11796 | D:10     | Reached skill level 17 in Axes
 12278 | D:10     | Found a glowing golden altar of the Shining One.
 12874 | D:10     | Found a snail-covered altar of Cheibriados.
 13095 | D:10     | Killed a six-headed hydra
 13588 | Lair:1   | Entered Level 1 of the Lair of Beasts
 14019 | Lair:1   | Noticed a six-headed hydra
 14040 | Lair:1   | Slain by a six-headed hydra

Illustrated notes

Levels and vault maps discovered:
D:1:      evilmike_arrival_hilbert_curve, layout_loops_ring, serial_shops,
          shop_statue, nrook_mini_vaults, minmay_misc_feat_x
D:2:      layout_basic, uniq_robin
D:3:      layout_basic, mainiacjoe_overflow_catch_the_wave
D:4:      layout_basic, mainiacjoe_overflow_boulevard, lemuel_round_altar,
          nicolae_yredelemnul_ghost_church, minmay_starry_boxes
D:5:      layout_loops_ring, uniq_menkaure
D:6:      layout_gridville, mainiacjoe_overflow_chevrons
D:7:      layout_loops_ring, fedhas_altar_4, ashenzari_altar_1,
          minmay_temple_entry_water_ring
D:8:      layout_rooms, marbit_many_paths, nicolae_ru_sacrificial_ziggurat,
          mainiacjoe_overflow_small_starburst, amcnicky_altar_lugonu_corruption,
          uniq_amaemon
D:9:      layout_loops_ring, kennysheep_flooded_box, kennysheep_nondescript,
          uniq_prince_ribbit1, uniq_joseph
D:10:     layout_irregular_city, mainiacjoe_overflow_tiny_flanked,
          mainiacjoe_overflow_six_doors_small, lair_entry_dummy,
          minmay_diced_spiral
D:11:     layout_grid_maze
Temple:   compressed_dpeg_triangle_lava_temple
Lair:1:   layout_cave_pods

Skill      XL: |  1  2  3  4  5  6  7  8  9 10 11 |
---------------+----------------------------------+-----
Axes           | 3 4 5 6 7 9 10 12 14 16 17 | 17.6
Armour         | 4 5 6 7 |  7.8
Fighting       | 4 6 7 8 |  8.8
Dodging        | 1 2 3 |  3.7
Shields        | 4 5 6 8 |  8.0

Action                   |  1- 3 |  4- 6 |  7- 9 | 10-12 || total
-------------------------+-------+-------+-------+-------++-------
Melee: War axe           |   106 |   182 |   323 |   312 ||   923
       Morningstar       |       |       |       |    11 ||    11
       Whip              |       |       |       |     8 ||     8
Invok: Stomp             |       |       |       |     4 ||     4
       Line Pass         |       |       |       |     2 ||     2
  Use: Scroll            |       |    12 |     5 |     5 ||    22
 Stab: Paralysed         |       |       |     3 |    16 ||    19
Armor: Scale mail        |    45 |    83 |    12 |       ||   140
       Ring mail         |       |       |    74 |    76 ||   150
Dodge: Dodged            |    55 |    71 |    88 |    99 ||   313
Block: Buckler           |    23 |    41 |   143 |    60 ||   267
       Reflection        |       |       |     3 |     4 ||     7
       Kite shield       |       |       |       |   130 ||   130

Table legend: (Time is in decaauts)
 A = Elapsed time spent in this place.
 B = Non-inter-level travel time spent in this place.
 C = Inter-level travel time spent in this place.
 D = Time resting spent in this place.
 E = Time spent auto-exploring this place.
 F = Levels seen in this place.
 G = Mean time per level.
                   A        B        C        D        E       F      G
               +--------+--------+--------+--------+--------+-----+--------+
         Total |  14053 |  12925 |   1128 |   2210 |   7969 |  13 | 1081.0 |
       Dungeon |  13287 |  12185 |   1102 |   2171 |   7434 |  11 | 1207.9 |
        Temple |    319 |    293 |     26 |      0 |    284 |   1 |  319.0 |
          Lair |    446 |    446 |      0 |     39 |    251 |   1 |  446.0 |
               +--------+--------+--------+--------+--------+-----+--------+

Top non-repeatable levels by time:
     D:9: 2183 daAuts
    D:10: 1771 daAuts
     D:5: 1556 daAuts
     D:4: 1456 daAuts
     D:3: 1363 daAuts
     D:8: 1189 daAuts
     D:1: 1165 daAuts
     D:2: 973 daAuts
     D:7: 869 daAuts
     D:6: 753 daAuts
  Lair:1: 446 daAuts
  Temple: 319 daAuts
    D:11: 4 daAuts
